 Dungeon Crawl Stone Soup version 0.27-a0-1332-g84bddb5ca7 (webtiles) character file.

Game seed: 11281881106946769108

42 Wobber the Digger (level 3, 0/28 HPs)
             Began as a Draconian Earth Elementalist on June 25, 2021.
             Slain by Terence (7 damage)
             ... on level 2 of the Dungeon.
             The game lasted 00:04:51 (2457 turns).

Wobber the Digger (Draconian Earth Elementalist)    Turns: 2457, Time: 00:04:51

Health: 0/28       AC:  5    Str: 10    XL:     3   Next: 35%
Magic:  0/6        EV: 12    Int: 16    God:
Gold:   83         SH:  0    Dex: 11    Spells: 2/6 levels left

rFire    . . .     SeeInvis .   c - +0 dagger
rCold    . . .     Faith    .   (no shield)
rNeg     . . .     Spirit   .   (armour unavailable)
rPois    .         Reflect  .   (helmet restricted)
rElec    .         Harm     .   (no cloak)
rCorr    .         Rampage  .   (no gloves)
Will     .....                  (no boots)
Stlth    ++........             (no amulet)
HPRegen  0.09/turn              (no ring)
MPRegen  0.10/turn              (no ring)

@: no status effects
A: AC +5, unfitting armour, cold-blooded
a: no special abilities


You were on level 2 of the Dungeon.
You visited 1 branch of the dungeon, and saw 2 of its levels.

You collected 83 gold pieces.

Inventory:

Hand Weapons
 c - a +0 dagger (weapon)
Missiles
 a - 32 arrows
 b - 34 stones
Scrolls
 f - a scroll of teleportation {unknown}
 h - a scroll of blinking {unknown}
 j - a scroll of fear {unknown}
Potions
 d - a potion of flight {unknown}
 e - a potion of lignification {unknown}
 g - a potion of attraction {unknown}
 i - a potion of ambrosia {unknown}


   Skills:
 + Level 1.1 Fighting
 + Level 2.2 Dodging
 - Level 1.7 Stealth
 + Level 2.4 Spellcasting
 * Level 0.2 Conjurations
 - Level 1.0 Transmutations
 * Level 3.5 Earth Magic


You had 2 spell levels left.
You knew the following spells:

 Your Spells              Type           Power      Damage    Failure   Level
a - Sandblast             Erth           26%        2d8       4%          1
b - Stone Arrow           Conj/Erth      16%        3d8       26%         3

Your spell library contained the following spells:

 Spells                   Type           Power      Damage    Failure   Level
 Passwall                 Tmut/Erth      7%         N/A       12%         2
 Petrify                  Tmut/Erth      9%         N/A       61%         4
 Lee's Rapid Deconstruct  Erth           6%         3d7*      77%         5


Dungeon Overview and Level Annotations

Branches:
Dungeon (2/15)

Altars:

Annotations:
D:2 Terence


Innate Abilities, Weirdness & Mutations

Your plain brown scales are hard. (AC +5)
You cannot fit into any form of body armour.
You are cold-blooded and may be slowed by cold attacks.


Message History

Terence is severely wounded.
Terence hits you with a +0 trident.
Aiming: Sandblast (safe; 4% risk of failure)
Press: ? - help, Q - select action, (/) - cycle Shift-Dir - straight line, f/p - Terence
Aim: Terence, wielding a +0 trident and wearing a +0 scale mail (severely wounded, 82% to hit)
The blast of sand hits Terence but does no damage.
Terence is severely wounded.
Terence closely misses you.
Aiming: Sandblast (safe; 4% risk of failure)
Press: ? - help, Q - select action, (/) - cycle Shift-Dir - straight line, f/p - Terence
Aim: Terence, wielding a +0 trident and wearing a +0 scale mail (severely wounded, 82% to hit)
The blast of sand hits Terence but does no damage.
Terence is severely wounded.
Terence misses you.
Aiming: Sandblast (safe; 4% risk of failure)
Press: ? - help, Q - select action, (/) - cycle Shift-Dir - straight line, f/p - Terence
Aim: Terence, wielding a +0 trident and wearing a +0 scale mail (severely wounded, 82% to hit)
The blast of sand hits Terence.
Terence is almost dead.
Terence misses you.
You barely miss Terence.
Terence is almost dead.
Terence hits you but does no damage.
You barely miss Terence.
Terence is almost dead.
Terence hits you with a +0 trident.
You hit Terence but do no damage.
Terence is almost dead.
Terence barely misses you.
You barely miss Terence.
Terence is almost dead.
Terence hits you with a +0 trident.
* * * LOW HITPOINT WARNING * * *
Aiming: Sandblast (safe; 4% risk of failure)
Press: ? - help, Q - select action, (/) - cycle Shift-Dir - straight line, f/p - Terence
Aim: Terence, wielding a +0 trident and wearing a +0 scale mail (almost dead, 82% to hit)
The blast of sand hits Terence but does no damage.
Terence is almost dead.
Terence hits you with a +0 trident!
You die...

#..# #..# #.#.#
#..# #..# #.#.#
#..# #..# #.#.#
##†.####### #.##
#.#.# #.#.......#
###.####<#.#
##..#####.##
#.[......... ##.#
#...###.#.####.#.#
#.####.@.......#
#.#..
#.....@......#.#
#.#..
##############.#
#.... #.# #.#.#
#.. ......
######.### ##


You could see Terence.

Vanquished Creatures
  A worm (D:2)
  A dart slug (D:1)
  4 ball pythons
  3 bats
  2 giant cockroaches (D:1)
  5 goblins (D:1)
  4 hobgoblins (D:1)
  5 jackals (D:1)
  A quokka (D:1)
  A frilled lizard (D:1)
  3 kobolds
  5 rats
35 creatures vanquished.

Notes
Turn   | Place    | Note
-------+----------+-------------------------------------------
     0 | D:1      | Wobber the Draconian Earth Elementalist began the quest for
                  | the Orb.
     0 | D:1      | Reached XP level 1. HP: 14/14 MP: 3/3
   404 | D:1      | Reached XP level 2. HP: 22/22 MP: 3/5
   865 | D:1      | Reached skill level 1 in Fighting
  1459 | D:1      | Reached XP level 3. HP: 10/28 MP: 6/6
  1655 | D:1      | Learned a level 3 spell: Stone Arrow
  2440 | D:2      | Noticed Terence
  2457 | D:2      | Slain by Terence

Illustrated notes

Levels and vault maps discovered:
D:1:      sevenhm_arrival_forest_fort_large_4, layout_basic, serial_glass,
          glass_columns_a, glass_columns_b, minmay_strange_pillars,
          feat_on_display, roderic_roman_lattice
D:2:      layout_loops_ring, grunt_decor_fettered, uniq_terence

Skill      XL: |  1  2 |
---------------+-------+-----
Dodging        | 2 |  2.2
Fighting       | 1 |  1.1
Stealth        | |  1.7
Spellcasting   | |  2.4
Conjurations   | |  0.2
Transmutations | |  1.0
Earth Magic    | |  3.5

Action                   || total
-------------------------++-------
Melee: Unarmed           ||    34
       Tailslap          ||    13
       Dagger            ||   115
       Club              ||    22
 Cast: Sandblast         ||    20
 Stab: Sleeping          ||     3
Armor: Skin              ||    65
Dodge: Dodged            ||   124

Table legend: (Time is in decaauts)
 A = Elapsed time spent in this place.
 B = Non-inter-level travel time spent in this place.
 C = Inter-level travel time spent in this place.
 D = Time resting spent in this place.
 E = Time spent auto-exploring this place.
 F = Levels seen in this place.
 G = Mean time per level.
                   A        B        C        D        E       F      G
               +--------+--------+--------+--------+--------+-----+--------+
         Total |   2462 |   2396 |     66 |    835 |   1197 |   2 | 1231.0 |
       Dungeon |   2462 |   2396 |     66 |    835 |   1197 |   2 | 1231.0 |
               +--------+--------+--------+--------+--------+-----+--------+

Top non-repeatable levels by time:
     D:1: 2181 daAuts
     D:2: 280 daAuts
